 Dungeon Crawl Stone Soup version 0.29.1-1-gd02db6906a (webtiles) character file.

Game seed: 4199681499241997505

97317 virigoth the Severer (level 15, -23/129 (132) HPs)
             Began as a Minotaur Berserker on Sept 20, 2022.
             Was an Elder of Trog.
             Succumbed to a redback's poison
             ... on level 1 of the Spider Nest.
             The game lasted 01:33:11 (16716 turns).

virigoth the Severer (Minotaur Berserker)          Turns: 16716, Time: 01:33:11

HP:   -23/129 (132) AC: 19    Str: 28    XL:     15   Next: 71%
MP:   14/14         EV: 12    Int:  6    God:    Trog [****..]
Gold: 1322          SH:  0    Dex:  9    Spells: 14/14 levels left

rFire   + . .      SeeInvis +   S - +8 executioner's axe (flame)
rCold   . . .      Faith    .   (shield currently unavailable)
rNeg    . . .      Spirit   .   F - +4 chain mail
rPois   .          Reflect  .   (helmet restricted)
rElec   .          Harm     .   v - +0 cloak of the Stars {SInv}
rCorr   .          Rampage  .   (no gloves)
Will    ++...                   f - +0 pair of boots
Stlth   ..........              t - amulet of regeneration
HPRegen 1.11/turn               b - ring of Asach {Will+ SInv}
MPRegen 0.14/turn               e - ring of protection from fire

@: lethally poisoned (-23 -> -101), on berserk cooldown, lightly drained
A: horns 2, retaliatory headbutt
a: Renounce Religion, Berserk, Trog's Hand, Brothers in Arms


You were on level 1 of the Spider Nest.
You worshipped Trog.
Trog was greatly pleased with you.
You visited 5 branches of the dungeon, and saw 21 of its levels.

You collected 1322 gold pieces.

Inventory:

Hand Weapons
 p - a +1 war axe of freezing
 A - a +2 broad axe of holy wrath
 G - a +2 hand axe of flaming
 M - a +5 antimagic battleaxe
 S - a +8 executioner's axe of flaming (weapon)
Armour
 f - a +0 pair of boots (worn)
 u - the +5 kite shield "Lonk" {rPois Will+ Regen+ Stlth-}
   (You acquired it on level 7 of the Dungeon)

   rPois:     It protects you from poison.
   Regen:     It increases your rate of health regeneration.
   Will:      It increases your willpower.
   Stlth:     It makes you less stealthy.
 v - the +0 cloak of the Stars (worn) {SInv}
   (You found it on level 4 of the Dungeon)

   SInv:      It lets you see invisible.
 F - a +4 chain mail (worn)
 L - a +2 ring mail of fire resistance
 Z - a +2 cloak
Jewellery
 b - the ring of Asach (left hand) {Will+ SInv}
   (You took it off an orc warrior on level 7 of the Dungeon)

   [ring of see invisible]

   SInv:      It lets you see invisible.
   Will:      It increases your willpower.
 e - a ring of protection from fire (right hand)
 t - an amulet of regeneration (around neck)
 B - a ring of positive energy
 H - an amulet of guardian spirit
Wands
 x - a wand of flame (66) (quivered)
 C - a wand of charming (7)
 E - a wand of digging (4)
 O - a wand of iceblast (14)
 P - a wand of polymorph (4)
Scrolls
 c - a scroll of blinking
 h - a scroll of butterflies {unknown}
 i - a scroll of identify
 s - a scroll of silence {unknown}
 y - 4 scrolls of teleportation
 z - a scroll of fear {unknown}
 J - a scroll of summoning {unknown}
 R - a scroll of brand weapon
 T - a scroll of poison {unknown}
 X - a scroll of magic mapping
Potions
 g - 2 potions of heal wounds
 m - 2 potions of cancellation
 n - a potion of haste
 o - 4 potions of might
 D - 6 potions of curing
 N - a potion of ambrosia {unknown}


   Skills:
 + Level 12.1 Fighting
 * Level 18.5(18.6) Axes
 - Level 0.9(12.2) Maces & Flails
 - Level 2.6 Throwing
 - Level 12.0 Armour
 - Level 10.0 Dodging
 - Level 13.1 Shields
 - Level 5.0 Evocations


You had 14 spell levels left.
You didn't know any spells.
Your spell library was empty.

Dungeon Overview and Level Annotations

Branches:
Dungeon (14/15)            Temple (1/1) D:6            Lair (4/5) D:9
 Shoals (0/4) Lair:2       Spider (1/4) Lair:2          Orc (1/2) D:9
  Slime: Lair:4-5    Vaults: D:13-14

Altars:
Gozag
Okawaru
Yredelemnul

Shops:
D:6 =   D:10 *

Annotations:
D:9 3 runed translucent doors, 2 exclusions, Valamore's ghost, novice VSBe
D:10 2 runed translucent doors, Icepheonix32's ghost, journeyman MiFi
Lair:3 2 transporters


Innate Abilities, Weirdness & Mutations

You have a pair of horns on your head.
You reflexively headbutt those who attack you in melee.


Message History

The jumping spider leaps!
The redback bites you but does no damage. x2
The jumping spider pounces on you! The jumping spider closely misses you.
Things that are here:
a redback corpse; a redback corpse; a tarantella corpse You feel much better.
The jumping spider leaps!
The redback bites you!
You are poisoned.
The redback poisons you!
You open the redback like a pillowcase!!!
You burn the redback!
You kill the redback!
Trog accepts your kill.
You slash the redback! You burn the redback. You hit the jumping spider.
You burn the jumping spider.
You feel extremely sick. The redback bites you!
* * * LOW HITPOINT WARNING * * *
You are lethally poisoned!
The redback poisons you! The jumping spider pounces on you!
* * * LOW HITPOINT WARNING * * *
The jumping spider bites you but does no damage.
The redback bites you.
* * * LOW HITPOINT WARNING * * *
The jumping spider barely misses you.
The jumping spider bites you but does no damage.
You feel much better.
* * * LOW HITPOINT WARNING * * *
You feel extremely sick. The redback bites you.
* * * LOW HITPOINT WARNING * * *
You are more poisoned.
The redback poisons you! The jumping spider pounces on you.
* * * LOW HITPOINT WARNING * * *
The jumping spider bites you but does no damage.
The redback closely misses you.
The jumping spider leaps!
The redback barely misses you.
Your magical effects are unravelling.
You feel magically purged.
You feel yourself speed up.
You die...

## .#.... .
#.##..... .# .
.s!.....# #.#.#
^.....#.......
###......#.#.#
....#.....#..#
........#).#.#.
. #.s#.?......
#...#.†@†#...#..
#...°†..#..#
#.$.##.#..#.#..#
##^ #.....# .. .
#......# .
#~.....~
##~..#.## #≈~ ##
###


You could see a jumping spider (soul bound) and a redback.

Vanquished Creatures
  Azrael (D:12)
  Josephine (D:11)
  3 boulder beetles
  4 hydras
  A two-headed ogre (D:11)
  A catoblepas (D:13)
  2 centaur warriors
  5 death yaks
  A pharaoh ant (Spider:1)
  A wizard (D:8)
  3 deep elf pyromancers
  2 cyclopes (D:11)
  An ugly thing (D:11)
  5 elephants
  3 black mambas
  A merfolk siren (Lair:2)
  A torpor snail (Lair:2)
  5 cane toads
  3 rime drakes
  Psyche (D:8)
  2 unseen horrors
  2 komodo dragons
  3 trolls
  A polar bear (Lair:3)
  3 merfolk (Lair:2)
  3 slime creatures (D:11)
  A tarantella (Spider:1)
  2 hornets (D:9)
  5 blink frogs (Lair:2)
  2 culicivoras (Spider:1)
  A spriggan (Lair:2)
  8 wraiths
  Eustachio (D:5)
  A vampire (D:9)
  5 wyverns
  34 yaks
  4 basilisks
  4 fire elementals
  A steam dragon (D:8)
  3 vampire mosquitoes (D:12)
  7 redbacks (Spider:1)
  A warg (D:9)
  8 water moccasins
  3 hell hounds
  2 sky beasts (D:7)
  3 ice beasts
  10 orc warriors
  A black bear (Lair:1)
  6 wolves
  8 centaurs
  A phantom (D:5)
  A kobold brigand (D:9)
  9 bullfrogs
  A necrophage (D:6)
  5 scorpions
  24 wights
  9 killer bees
  4 electric eels (D:9)
  4 howler monkeys
  11 orc priests
  5 hounds
  4 gnoll boudas
  13 orc wizards
  3 iguanas
  20 gnolls
  6 adders
  A shadow imp (D:7)
  2 white imps
  An ufetubus (D:4)
  A worm (D:3)
  2 dart slugs
  64 orcs
  7 endoplasms
  5 giant cockroaches
  11 hobgoblins
  6 jackals
  10 kobolds
  4 quokkas
  2 ball pythons (D:4)
  2 bats
  2 frilled lizards
  4 goblins
  5 rats
429 creatures vanquished.

Vanquished Creatures (others)
  A hell hound (D:12)
  A bat (D:1)
  6 fungi (Lair:2)
  11 plants
19 creatures vanquished.

Grand Total: 448 creatures vanquished

Notes
Turn   | Place    | Note
-------+----------+-------------------------------------------
     0 | D:1      | virigoth the Minotaur Berserker began the quest for the
                  | Orb.
     0 | D:1      | Reached XP level 1. HP: 19/19 MP: 0/0
   146 | D:1      | Found a faded altar of an unknown god.
   558 | D:1      | Reached skill level 4 in Axes
   558 | D:1      | Reached XP level 2. HP: 21/26 MP: 1/1
  1406 | D:2      | Reached XP level 3. HP: 31/31 MP: 2/2
  1942 | D:2      | Reached ** piety under Trog
  2473 | D:3      | Reached skill level 1 in Shields
  2473 | D:3      | Reached XP level 4. HP: 39/39 MP: 3/3
  2484 | D:3      | Reached skill level 5 in Axes
  2506 | D:3      | Found a basalt altar of Yredelemnul.
  3184 | D:4      | Identified the +0 cloak of the Stars {SInv}
  3203 | D:5      | Entered Level 5 of the Dungeon
  3206 | D:5      | Reached XP level 5. HP: 45/45 MP: 4/4
  3487 | D:4      | Reached XP level 6. HP: 7/51 MP: 5/5
  3548 | D:4      | Reached skill level 6 in Axes
  3582 | D:4      | Reached skill level 5 in Dodging
  3666 | D:4      | Reached *** piety under Trog
  3761 | D:5      | Noticed an ice beast
  4047 | D:5      | Reached XP level 7. HP: 57/57 MP: 6/6
  4111 | D:5      | Reached skill level 7 in Axes
  4405 | D:5      | Reached skill level 5 in Armour
  4582 | D:5      | Noticed Eustachio
  4621 | D:5      | Killed Eustachio
  4622 | D:5      | Reached skill level 8 in Axes
  4622 | D:5      | Reached XP level 8. HP: 64/64 MP: 7/7
  4917 | D:6      | Found Laymp's Jewellery Boutique.
  5023 | D:6      | Reached skill level 9 in Axes
  5696 | D:6      | Found a staircase to the Ecumenical Temple.
  5734 | D:6      | Reached skill level 10 in Axes
  6116 | Temple   | Entered the Ecumenical Temple
  6135 | D:6      | Identified a scroll of acquirement
  6135 | D:6      | Acquired the +3 woodcutter's axe {vorpal}
  6135 | D:6      | Found the +3 woodcutter's axe {vorpal}
  6330 | D:7      | Reached skill level 5 in Fighting
  6413 | D:7      | Found a runed translucent door.
  6498 | D:7      | Reached skill level 1 in Throwing
  6498 | D:7      | Reached XP level 9. HP: 72/74 MP: 8/8
  6713 | D:8      | Reached **** piety under Trog
  6957 | D:7      | Identified the ring of Asach {Will+ SInv}
  7026 | D:7      | Acquired the +5 kite shield "Lonk" {rPois Will+ Regen+
                  | Stlth-}
  7309 | D:8      | Noticed a wizard
  7309 | D:8      | Noticed a deep elf pyromancer
  7317 | D:8      | Killed a deep elf pyromancer
  7318 | D:8      | Reached skill level 5 in Shields
  7320 | D:8      | Killed a wizard
  7321 | D:8      | Reached skill level 11 in Axes
  7321 | D:8      | Reached XP level 10. HP: 91/91 MP: 9/9
  7525 | D:8      | Noticed Psyche
  7540 | D:8      | Killed Psyche
  7980 | D:8      | Reached ***** piety under Trog
  8346 | D:9      | Reached skill level 12 in Axes
  8380 | D:9      | Found a staircase to the Orcish Mines.
  8415 | Orc:1    | Entered Level 1 of the Orcish Mines
  8471 | D:10     | Entered Level 10 of the Dungeon
  8527 | D:9      | Found a staircase to the Lair.
  8770 | D:9      | Found a runed translucent gate.
  8771 | D:9      | Found a runed translucent gate.
  8771 | D:9      | Identified the +9 plate armour of the Moon Troll {Rampage
                  | +Inv Int+4}
  8771 | D:9      | Noticed Valamore's ghost (novice VSBe)
  8772 | D:9      | Found a runed translucent gate.
  8817 | D:9      | Reached XP level 11. HP: 97/97 MP: 10/10
  8969 | D:9      | Found the +8 Vampire's Tooth {vamp}
  9277 | D:10     | Reached skill level 10 in Armour
  9330 | D:10     | Noticed Icepheonix32's ghost (journeyman MiFi)
  9355 | D:10     | Noticed a lich
  9481 | D:10     | Found a runed translucent door.
  9484 | D:10     | Noticed a skeletal warrior
  9531 | D:10     | Noticed a necromancer
  9532 | D:10     | Noticed an orc high priest
  9533 | D:10     | Noticed a boulder beetle
  9536 | D:10     | Found a runed translucent door.
  9562 | D:10     | Found Yczej's Gadget Gallery.
  9615 | D:10     | Received a gift from Trog
  9629 | D:10     | Reached skill level 13 in Axes
 10544 | Lair:1   | Entered Level 1 of the Lair of Beasts
 10623 | Lair:2   | Noticed a death yak
 10623 | Lair:2   | Noticed a death yak
 10623 | Lair:2   | Noticed a death yak
 10623 | Lair:2   | Noticed a death yak
 10623 | Lair:2   | Noticed a death yak
 10634 | Lair:1   | Killed a death yak
 10665 | Lair:1   | Reached skill level 10 in Shields
 11585 | Lair:2   | Found a hole to the Spider Nest.
 11653 | Lair:2   | Reached skill level 14 in Axes
 11665 | Lair:2   | Reached XP level 12. HP: 105/105 MP: 11/11
 11703 | Lair:2   | Found a staircase to the Shoals.
 11939 | Lair:3   | Found a transporter.
 11986 | Lair:2   | Reached skill level 10 in Fighting
 12136 | Lair:2   | Noticed a boulder beetle
 12156 | Lair:2   | Killed a boulder beetle
 12313 | Lair:2   | Acquired a +6 executioner's axe of flaming
 12406 | Lair:2   | Killed a death yak
 12410 | Lair:2   | Killed a death yak
 12418 | Lair:2   | Killed a death yak
 12717 | D:11     | Noticed a five-headed hydra
 12718 | D:11     | Noticed a boulder beetle
 12724 | D:11     | Killed a two-headed hydra
 12726 | D:11     | Killed a boulder beetle
 12781 | D:11     | Reached skill level 15 in Axes
 12930 | D:11     | Found an iron altar of Okawaru.
 12961 | D:11     | Noticed a centaur warrior
 12970 | D:11     | Killed a centaur warrior
 13028 | D:11     | Noticed a two-headed ogre
 13034 | D:11     | Killed a two-headed ogre
 13068 | D:11     | Noticed Josephine
 13074 | D:11     | Killed Josephine
 13075 | D:11     | Reached XP level 13. HP: 116/116 MP: 12/12
 13472 | D:11     | Received a gift from Trog
 13775 | D:12     | Noticed Azrael
 14124 | D:12     | Killed Azrael
 14229 | D:12     | Reached skill level 16 in Axes
 15051 | D:13     | Reached skill level 1 in Evocations
 15110 | D:12     | Reached skill level 17 in Axes
 15110 | D:12     | Reached XP level 14. HP: 125/125 MP: 13/13
 15111 | D:12     | Reached skill level 10 in Dodging
 15111 | D:12     | Reached XP level 15. HP: 132/132 MP: 14/14
 15867 | Lair:3   | Found a transporter.
 15959 | Lair:3   | Reached skill level 18 in Axes
 16648 | Lair:3   | do I even try this?
 16693 | Spider:1 | Entered Level 1 of the Spider Nest
 16706 | Spider:1 | Reached skill level 5 in Evocations
 16715 | Spider:1 | HP: 5/129 [redback (3)]
 16716 | Spider:1 | Succumbed to a redback's poison

Illustrated notes

##.......##...##.........##
#.#............<.....##.##
####......#.>.....#.#####
#P..........#.##..# ##
##..........######### #.
##...........#.#...P### ##.
#....................P### #..
##.......................####..
###........##...@#########.#.#...
#.........####...##w#♣#w##.......
#.........## #..##≈≈≈≈#≈≈####.#..
...........# #..#PPPPP☼PP#([#.#..
..........## ##©#©^^^^^^☼+$©#©...
..........#####.#PPPP☼PPP#?=#....
............##P.##≈≈≈#≈≈≈####....
............###..#♣#w#♣#w#.......
...........## ##.#########....#..


Turn 16648 on Lair:3: do I even try this?

Levels and vault maps discovered:
D:1:      minmay_arrival_four_loops, layout_loops_corners,
          shapermc_ecumenical_altar_pompeii, chequers_serial_rivers_small_a
D:2:      layout_basic
D:3:      layout_basic, lemuel_coloured_pillars_altar
D:4:      layout_loops_cross
D:5:      layout_basic, uniq_eustachio
D:6:      layout_layer_cave, minmay_temple_entry_junction, serial_shops, shop
D:7:      layout_loops_ring, enter_ossuary_1, lightli_church_of_beogh
D:8:      nzn_winding_woodlands_small [nzn_winding_woodlands_5x15_split_checker,
          nzn_winding_woodlands_center_diamonds,
          nzn_winding_woodlands_5x15_lazy_stream], layout_loops_ring,
          grunt_ministairs_3, uniq_psyche
D:9:      layout_loops_ring, erik_lair_island, orc_david_3,
          biasface_ghost_orc_armoury, serial_park_tiny_1, kennysheep_flooded_box
D:10:     layout_big_octagon, muffindrake_ghost_dual_entry, nicolae_shop_gadgets
D:11:     layout_roguey, kennysheep_okawaru_gauntlet, uniq_josephine
D:12:     layout_cave_pools, uniq_azrael
D:13:     layout_cave_pools
D:14:     layout_gridville, skrybe_vaults_entry_preservation
Temple:   regret_index_temple_sigil_plot
Lair:1:   layout_layer_cave
Lair:2:   layout_long_grid, elwin_shoals_entry_stream,
          spider_nest_entry_web_field, minmay_holes,
          grunt_forest_large_clearing_hut, grunt_megastairs_5
Lair:3:   gammafunk_worm_tunnel, layout_cave_shapes,
          portal_ice_cave_entry_pillars_2, grunt_megastairs_4
Lair:4:   layout_layer_cave, slime_entry_2
Spider:1: layout_spider_delve
Orc:1:    layout_caves, bloody_makhleb

Skill      XL: |  1  2  3  4  5  6  7  8  9 10 11 12 13 14 15 |
---------------+----------------------------------------------+-----
Axes           | 4 5 6 8 10 11 12 14 15 17 18 | 18.5
Dodging        | 3 4 5 8 9 10 | 10.0
Shields        | 1 2 3 5 8 10 12 13 | 13.1
Armour         | 3 5 7 9 11 12 | 12.0
Fighting       | 5 9 11 12 | 12.1
Throwing       | 1 2 |  2.6
Evocations     | 3 4 5 |  5.0
Maces & Flails | |  0.9

Action                   |  1- 3 |  4- 6 |  7- 9 | 10-12 | 13-15 || total
-------------------------+-------+-------+-------+-------+-------++-------
Melee: Hand axe          |    44 |       |       |   291 |   104 ||   439
       Headbutt          |    12 |    12 |    38 |   121 |    64 ||   247
       War axe           |    25 |   100 |   116 |   361 |    39 ||   641
       Battleaxe         |       |       |    88 |       |       ||    88
       Dire flail        |       |       |     9 |       |       ||     9
       Broad axe         |       |       |       |     3 |    14 ||    17
       Executioner's axe |       |       |       |    55 |    74 ||   129
Throw: Dart              |       |       |       |     1 |       ||     1
Invok: Berserk           |       |     2 |     9 |    14 |    10 ||    35
Evoke: Wand              |       |       |       |       |     2 ||     2
  Use: Scroll            |       |       |    16 |     8 |     6 ||    30
       Potion            |       |       |       |     4 |     7 ||    11
 Stab: Sleeping          |     1 |       |       |       |       ||     1
Armor: Animal skin       |     6 |       |       |       |       ||     6
       Ring mail         |    11 |    14 |       |       |       ||    25
       Plate armour      |       |    20 |   118 |    41 |       ||   179
       Chain mail        |       |       |       |   141 |   148 ||   289
Dodge: Dodged            |    47 |    50 |    73 |   137 |   101 ||   408
Block: Buckler           |     2 |    18 |    18 |       |       ||    38
       Kite shield       |       |       |    18 |   366 |   172 ||   556
